Map: Romanticide LE

Players

ShoWTimE - Winner!

  • Race: Protoss Protoss
  • League: Grandmaster

BratOK (Brat_OK)

  • Race: Terran Terran
  • League: Grandmaster

Event: DreamHack SC2 Masters 2021 Summer

VOD

Have the link to the VOD?

Description

Time

  • Played on: May 22, 2021, 12:31 p.m.
  • Length: 10:19

All games in this series

Show
View Real Time Build Order
Export as new Build Order

ShoWTimE Protoss - Winner!

Build Orders: 1 Gate Expand, Oracle Opening 

Get SALT Encoding   

  12  0:00  Probe  
  13  0:12  Probe  
  14  0:17  Pylon  
  14  0:24  Probe (Chrono Boost)  
  15  0:36  Probe (Chrono Boost)  
  15  0:37  Gateway  
  16  0:44  Probe (Chrono Boost)  
  16  0:45  Assimilator  
  17  0:51  Probe  
  18  1:03  Probe  
  19  1:15  Probe  
  20  1:24  Cybernetics Core  
  20  1:32  Nexus  
  20  1:35  Probe  
  21  1:42  Pylon  
  21  1:47  Probe  
  21  1:52  Assimilator  
  22  1:57  Adept (Chrono Boost)  
  22  2:00  Probe  
  25  2:12  Probe  
  26  2:18  Adept (Chrono Boost)  
  28  2:24  Probe  
  28  2:29  Stargate  
  29  2:34  Warp Gate  
  30  2:38  Probe (Chrono Boost)  
  30  2:43  Adept  
  33  2:44  Probe (Chrono Boost)  
  34  2:53  Probe x2 (Chrono Boost)  
  35  2:58  Probe (Chrono Boost)  
  35  3:00  Probe  
  35  3:01  Pylon  
  37  3:09  Oracle (Chrono Boost)  
  37  3:10  Probe  
  37  3:12  Probe  
  42  3:22  Probe  
  42  3:24  Probe  
  44  3:29  Gateway  
  44  3:31  Gateway  
  44  3:34  Probe  
  44  3:36  Probe  
  44  3:37  Oracle (Chrono Boost)  
  49  3:46  Probe  
  50  3:48  Probe  
  50  3:51  Pylon  
  51  3:59  Probe  
  51  4:01  Probe  
  53  4:05  Nexus  
  53  4:10  Assimilator  
  53  4:11  Probe  
  53  4:12  Assimilator  
  53  4:13  Probe  
  53  4:16  Pylon  
  55  4:23  Probe, Sentry  
  58  4:25  Probe  
  58  4:27  Sentry  
  61  4:34  Shield Battery  
  61  4:35  Probe, Shield Battery, Adept  
  61  4:37  Probe  
  65  4:43  Pylon  
  65  4:47  Probe  
  65  4:48  Forge  
  65  4:49  Probe  
  65  4:51  Sentry  
  69  4:59  Probe, Twilight Council  
  70  5:01  Probe  
  70  5:05  Adept x2  
  75  5:11  Probe  
  75  5:13  Probe, Protoss Ground Weapons Level 1 (Chrono Boost)  
  77  5:14  Blink (Chrono Boost)  
  77  5:19  Robotics Facility  
  77  5:20  Probe  
  78  5:23  Probe  
  78  5:25  Probe  
  80  5:28  Gateway  
  80  5:30  Gateway  
  80  5:32  Probe  
  80  5:34  Gateway  
  81  5:35  Probe  
  81  5:37  Probe  
  81  5:42  Pylon  
  83  5:44  Probe  
  83  5:47  Probe  
  83  5:49  Probe  
  86  5:57  Stalker  
  86  5:58  Stalker x2  
  86  6:02  Pylon  
  92  6:08  Observer  
  92  6:10  Probe, Robotics Bay  
  92  6:11  Probe x2  
  96  6:12  Assimilator  
  96  6:13  Pylon  
  96  6:18  Assimilator  
  96  6:25  Pylon  
  96  6:26  Stalker x4  
  96  6:30  Probe  
  96  6:32  Observer  
  106  6:37  Pylon  
  106  6:39  Pylon x2  
  106  6:40  Shield Battery  
  106  6:43  Stalker x2  
  110  6:54  Colossus (Chrono Boost)  
  110  7:01  Stalker x2  
  120  7:02  Zealot x2  
  120  7:05  Protoss Ground Weapons Level 2 (Chrono Boost), Pylon  
  120  7:06  Zealot x2  
  128  7:13  Charge (Chrono Boost)  
  128  7:21  Gateway  
  128  7:23  Gateway  
  128  7:25  Pylon  
  128  7:26  Pylon  
  128  7:32  Photon Cannon  
  128  7:33  Stalker x2  
  132  7:40  Colossus (Chrono Boost)  
  132  7:43  Zealot x4  
  144  7:57  Pylon  
  134  8:00  Observer  
  134  8:01  Zealot x2  
  134  8:04  Nexus  
  138  8:10  Stalker x4  
  145  8:16  Zealot x2  
  149  8:20  Probe x2  
  149  8:21  Probe  
  149  8:27  Colossus (Chrono Boost)  
  152  8:31  Dark Shrine  
  158  8:37  Robotics Facility  
  158  8:38  Robotics Facility  
  158  8:40  Probe x3  
  161  8:43  Shield Battery  
  161  8:47  Pylon  
  161  8:58  Forge  
  161  9:00  Zealot x4  
  169  9:05  Probe x3  
  169  9:09  Warp Prism (Chrono Boost)  
  174  9:21  Photon Cannon  
  174  9:23  Photon Cannon  
  174  9:25  Disruptor (Chrono Boost)  
  177  9:35  Zealot x2  
  177  9:36  Zealot x4  
  189  9:41  Zealot x2  
  196  9:46  Disruptor (Chrono Boost)  
  196  9:47  Shield Battery  
  199  10:02  Zealot  
  199  10:03  Zealot x2  
Show
View Real Time Build Order
Export as new Build Order

BratOK Terran 

Build Orders:  

Get SALT Encoding   

  12  0:00  SCV  
  13  0:12  SCV  
  14  0:17  Supply Depot  
  14  0:24  SCV  
  15  0:39  SCV  
  15  0:40  Barracks  
  16  0:51  SCV  
  16  0:55  Supply Depot  
  17  1:03  SCV  
  18  1:04  Refinery  
  18  1:15  SCV  
  19  1:27  Orbital Command, Marine  
  20  1:44  Command Center  
  20  1:52  Barracks Reactor  
  20  1:53  SCV  
  21  2:02  Barracks  
  21  2:05  SCV  
  22  2:18  SCV  
  22  2:20  Barracks  
  23  2:29  Marine  
  23  2:30  SCV, Marine  
  26  2:42  SCV  
  27  2:47  Marine x2  
  27  2:50  Barracks Tech Lab  
  29  2:57  Orbital Command  
  29  3:02  SCV  
  29  3:05  Marine x2  
  30  3:08  Barracks Tech Lab, Stimpack  
  30  3:09  Marine  
  33  3:14  SCV  
  33  3:19  Orbital Command  
  34  3:20  Bunker  
  34  3:23  Engineering Bay  
  34  3:26  SCV  
  34  3:27  Combat Shield  
  34  3:29  Marine x2  
  34  3:30  Marine  
  37  3:39  Marauder  
  39  3:44  SCV  
  39  3:46  SCV, Marine  
  39  3:48  Marauder  
  44  4:00  SCV  
  44  4:02  Marine, Missile Turret  
  45  4:09  SCV, Marine x2  
  49  4:11  Marine, Supply Depot  
  49  4:15  SCV  
  51  4:20  Marine  
  51  4:21  Factory  
  51  4:22  SCV  
  51  4:23  Missile Turret  
  53  4:27  Marine  
  54  4:32  Marine x2  
  54  4:34  SCV  
  54  4:37  Refinery, Supply Depot  
  54  4:38  Marine  
  57  4:40  Refinery  
  57  4:41  SCV  
  59  4:47  SCV  
  60  5:09  SCV  
  60  5:10  Factory Reactor  
  60  5:12  Starport  
  60  5:13  Supply Depot  
  61  5:19  Marine x3  
  61  5:20  SCV  
  65  5:23  SCV  
  65  5:26  Supply Depot  
  66  5:31  Barracks  
  66  5:32  SCV, Barracks  
  66  5:34  Terran Infantry Weapons Level 1  
  66  5:35  SCV  
  68  5:37  Refinery  
  68  5:44  SCV  
  69  5:52  SCV  
  69  5:56  SCV, Medivac x2  
  74  5:57  Marine x2  
  74  5:58  Marauder x2  
  74  6:03  Supply Depot  
  80  6:07  SCV  
  80  6:08  Supply Depot  
  80  6:09  SCV  
  80  6:10  Concussive Shells  
  82  6:19  SCV  
  82  6:20  Barracks Reactor  
  82  6:21  Barracks Tech Lab  
  82  6:23  SCV  
  84  6:27  Marauder, Marine x2  
  84  6:28  Marauder, Medivac  
  84  6:31  SCV  
  93  6:34  Supply Depot  
  93  6:39  Medivac  
  97  6:40  Marauder  
  97  6:45  Marine  
  98  6:50  Marauder x2  
  102  7:00  Marine x2  
  106  7:01  Marauder  
  106  7:06  Supply Depot  
  106  7:07  Supply Depot  
  106  7:11  Marauder x2  
  106  7:14  Marine  
  106  7:22  Marauder  
  108  7:24  Medivac  
  108  7:25  Marine  
  108  7:28  Medivac  
  112  7:32  Supply Depot  
  112  7:33  Marauder  
  114  7:38  Marauder  
  114  7:41  Marine x2  
  114  7:44  Marauder  
  115  7:47  Marine  
  115  7:48  Marine  
  115  7:49  Supply Depot  
  117  7:54  Marauder  
  117  7:57  Viking  
  110  8:00  Marauder  
  110  8:02  Marine  
  110  8:05  Marauder  
  108  8:13  Viking  
  108  8:15  Marauder  
  108  8:16  Marine x2  
  111  8:21  Marauder  
  111  8:26  Marauder  
  115  8:31  Orbital Command  
  115  8:35  Viking  
  117  8:52  Marauder x3, Marine x3  
  126  9:00  Viking  
  128  9:05  Supply Depot  
  128  9:08  Viking  
  130  9:17  Supply Depot  
  130  9:18  Supply Depot  
  130  9:21  Marauder x2, Marine  
  135  9:28  Marauder, Marine x2  
  135  9:30  Viking  
  140  9:37  Orbital Command  
  139  9:42  Marauder x2  
  140  9:46  Marine x2  
  140  9:49  Marauder  
  140  9:52  Marine  
Tags
 
Add a new tag
Caveats
  • Supply blocks, unpowered buildings, or Contaminate may cause inaccurate times.
  • Supply counts are checked every 10 seconds.